2951 views
Uploaded 2019-12-30 18:43:58
Game version 1.32.0.4
30:45 long 3on3 ladder game on (6)RollingHills
Saved by BEARAND
2951 views
Uploaded 2019-12-30 18:43:58
Game version 1.32.0.4
30:45 long 3on3 ladder game on (6)RollingHills


126 units @ 18k
/ 2.9k
71 buildings @ 9.6k
/ 4.5k

| Orb of Venom | 1 | 325 |
| total: | 1 | 325g |
| Wisp | 20 | 1200 | / | 0 |
| Archer | 3 | 390 | / | 30 |
| Huntress | 9 | 1755 | / | 180 |
| Glaive Thrower | 1 | 210 | / | 65 |
| Mountain Giant | 3 | 1050 | / | 300 |
| total: | 36 | 4605g | / | 575w |
| Ancient Protector | 6 | 810 | / | 480 |
| Altar of Elders | 1 | 180 | / | 50 |
| Moon Well | 7 | 1260 | / | 280 |
| Ancient of War | 2 | 300 | / | 120 |
| Hunter's Hall | 1 | 210 | / | 100 |
| Ancient of Wonders | 1 | 90 | / | 30 |
| Ancient of Lore | 2 | 310 | / | 290 |
| Tree of Ages | 1 | 320 | / | 180 |
| Tree of Eternity | 1 | 330 | / | 200 |
| total: | 20 | 3160g | / | 1350w |
| 1:33 | Wisp |
| 1:33 | Wisp |
| 1:38 | Altar of Elders |
| 1:41 | Moon Well |
| 1:47 | Wisp |
| 1:48 | Wisp |
| 2:22 | Wisp |
| 2:23 | Wisp |
| 2:37 | Ancient of War |
| 2:57 | Moon Well |
| 2:59 | Wisp |
| 3:00 | Wisp |
| 3:31 | Wisp |
| 3:41 | Archer |
| 3:44 | Fan of Knives |
| 3:55 | Moon Well |
| 4:09 | Hunter's Hall |
| 4:11 | Archer |
| 4:24 | Archer |
| 5:18 | Huntress |
| 5:18 | Huntress |
| 5:23 | Ancient Protector |
| 6:17 | Tree of Ages |
| 6:20 | Moon Well |
| 7:08 | Strength of the Moon |
| 7:10 | Huntress |
| 7:20 | Ancient Protector |
| 7:32 | Moon Armor |
| 8:21 | Huntress |
| 8:42 | Shadow Strike |
| 9:06 | Vorpal Blades |
| 9:22 | Moon Glaive |
| 9:40 | Ancient of War |
| 10:47 | Glaive Thrower |
| 10:59 | Wisp |
| 10:59 | Wisp |
| 11:07 | Ancient Protector |
| 11:11 | Ancient of Wonders |
| 11:16 | Moon Well |
| 11:53 | Huntress |
| 13:21 | Huntress |
| 13:55 | Improved Strength of the Moon |
| 13:59 | Tree of Eternity |
| 14:02 | Moon Well |
| 14:44 | Huntress |
| 14:46 | Improved Moon Armor |
| 16:08 | Ancient Protector |
| 16:16 | Ancient Protector |
| 16:20 | Ancient Protector |
| 16:57 | Huntress |
| 16:58 | Huntress |
| 17:04 | Blink |
| 17:43 | Wisp |
| 17:43 | Wisp |
| 19:22 | Moon Well |
| 19:52 | Wisp |
| 19:52 | Wisp |
| 19:52 | Wisp |
| 19:52 | Wisp |
| 19:59 | Ancient of Lore |
| 20:46 | Strength of the Wild |
| 20:53 | Ancient of Lore |
| 21:15 | Orb of Venom |
| 21:25 | Wisp |
| 21:25 | Wisp |
| 21:25 | Wisp |
| 21:41 | Hardened Skin |
| 22:18 | Mountain Giant |
| 23:17 | Reinforced Hides |
| 23:26 | Mountain Giant |
| 23:27 | Mountain Giant |
| Right click | 620 |
| Select | 295 |
| Misc. action | 109 |
| Assign group | 69 |
| Build/train/purchase | 62 |
| Select group | 30 |
| Use ability | 17 |
| Remove unit | 2 |
| Item give/drop | 1 |
| Esc | 1 |

| Peasant | 11 | 825 | / | 0 |
| Footman | 16 | 2160 | / | 0 |
| Priest | 5 | 675 | / | 50 |
| Sorceress | 6 | 930 | / | 120 |
| Mortar Team | 2 | 360 | / | 140 |
| Siege Engine | 13 | 2535 | / | 780 |
| total: | 53 | 7485g | / | 1090w |
| Scout Tower | 2 | 60 | / | 40 |
| Arcane Tower | 2 | 140 | / | 100 |
| Altar of Kings | 1 | 180 | / | 50 |
| Farm | 18 | 1440 | / | 360 |
| Barracks | 1 | 160 | / | 60 |
| Lumber Mill | 1 | 120 | / | 0 |
| Blacksmith | 1 | 140 | / | 60 |
| Town Hall | 1 | 385 | / | 205 |
| Arcane Sanctum | 2 | 300 | / | 280 |
| Workshop | 4 | 560 | / | 560 |
| Keep | 1 | 320 | / | 210 |
| Castle | 1 | 360 | / | 210 |
| Ancient Protector | 7 | 945 | / | 560 |
| total: | 38 | 4290g | / | 2175w |
| 1:33 | Altar of Kings |
| 1:35 | Peasant |
| 1:35 | Peasant |
| 1:51 | Farm |
| 1:53 | Barracks |
| 1:57 | Peasant |
| 2:09 | Peasant |
| 2:22 | Peasant |
| 2:38 | Peasant |
| 2:41 | Farm |
| 2:42 | Farm |
| 2:51 | Peasant |
| 2:57 | Peasant |
| 2:58 | Footman |
| 3:16 | Footman |
| 3:21 | Farm |
| 3:33 | Footman |
| 3:44 | Summon Water Elemental |
| 3:58 | Footman |
| 4:28 | Keep |
| 4:36 | Farm |
| 5:26 | Footman |
| 5:26 | Footman |
| 5:47 | Farm |
| 5:56 | Lumber Mill |
| 6:21 | Footman |
| 6:59 | Arcane Sanctum |
| 7:03 | Arcane Sanctum |
| 7:33 | Blacksmith |
| 8:08 | Brilliance Aura |
| 8:31 | Priest Adept Training |
| 8:32 | Priest |
| 8:32 | Priest |
| 8:32 | Sorceress |
| 8:33 | Sorceress |
| 8:35 | Footman |
| 9:41 | Black Gunpowder |
| 9:41 | Studded Leather Armor |
| 9:47 | Workshop |
| 9:52 | Workshop |
| 10:31 | Scout Tower |
| 10:33 | Scout Tower |
| 10:47 | Priest |
| 10:57 | Castle |
| 11:44 | Arcane Tower |
| 11:46 | Arcane Tower |
| 11:48 | Mortar Team |
| 11:48 | Mortar Team |
| 11:56 | Improved Lumber Harvesting |
| 11:58 | Refined Gunpowder |
| 12:12 | Town Hall |
| 12:27 | Farm |
| 12:27 | Farm |
| 14:52 | Blizzard |
| 15:05 | Siege Engine |
| 15:05 | Siege Engine |
| 15:05 | Siege Engine |
| 15:05 | Siege Engine |
| 15:48 | Peasant |
| 15:48 | Peasant |
| 15:48 | Peasant |
| 15:51 | Siege Engine |
| 15:52 | Siege Engine |
| 16:05 | Priest |
| 16:05 | Priest |
| 16:44 | Siege Engine |
| 16:44 | Siege Engine |
| 16:44 | Barrage |
| 17:07 | Siege Engine |
| 17:07 | Siege Engine |
| 17:16 | Workshop |
| 17:54 | Siege Engine |
| 18:03 | Imbued Gunpowder |
| 18:04 | Workshop |
| 18:50 | Farm |
| 18:52 | Farm |
| 19:12 | Iron Plating |
| 19:15 | Siege Engine |
| 19:15 | Siege Engine |
| 19:25 | Farm |
| 20:27 | Sorceress |
| 20:27 | Sorceress |
| 20:27 | Sorceress |
| 20:28 | Sorceress |
| 20:31 | Footman |
| 20:32 | Footman |
| 20:32 | Footman |
| 20:32 | Footman |
| 20:32 | Footman |
| 20:32 | Footman |
| 20:33 | Footman |
| 21:20 | Farm |
| 21:20 | Farm |
| 21:47 | Footman |
| 23:42 | Steel Plating |
| 25:54 | Farm |
| 25:57 | Farm |
| 26:00 | Farm |
| 26:05 | Farm |
| 26:07 | Farm |
| 26:20 | Ancient Protector |
| 26:23 | Ancient Protector |
| 26:25 | Ancient Protector |
| 26:28 | Ancient Protector |
| 26:30 | Ancient Protector |
| 26:31 | Ancient Protector |
| 26:36 | Ancient Protector |
| Right click | 2199 |
| Select | 460 |
| Select group | 132 |
| Build/train/purchase | 115 |
| Assign group | 38 |
| Misc. action | 20 |
| Chat | 13 |
| Use ability | 4 |
| Minimap ping | 4 |

| Wisp | 12 | 720 | / | 0 |
| Archer | 6 | 780 | / | 60 |
| Huntress | 2 | 390 | / | 40 |
| Glaive Thrower | 13 | 2730 | / | 845 |
| Chimaera | 4 | 1320 | / | 280 |
| total: | 37 | 5940g | / | 1225w |
| Altar of Elders | 2 | 360 | / | 100 |
| Moon Well | 4 | 720 | / | 160 |
| Ancient of War | 3 | 450 | / | 180 |
| Hunter's Hall | 1 | 210 | / | 100 |
| Ancient of Wonders | 1 | 90 | / | 30 |
| Chimaera Roost | 2 | 280 | / | 380 |
| Tree of Ages | 1 | 320 | / | 180 |
| Tree of Eternity | 2 | 660 | / | 400 |
| total: | 13 | 2110g | / | 950w |
| 1:31 | Wisp |
| 1:31 | Altar of Elders |
| 1:40 | Altar of Elders |
| 1:43 | Wisp |
| 1:47 | Moon Well |
| 1:53 | Wisp |
| 2:01 | Ancient of War |
| 2:07 | Wisp |
| 2:16 | Wisp |
| 2:16 | Wisp |
| 2:41 | Wisp |
| 2:52 | Wisp |
| 3:04 | Archer |
| 3:08 | Moon Well |
| 3:10 | Wisp |
| 3:11 | Wisp |
| 3:47 | Trueshot Aura |
| 4:05 | Tree of Ages |
| 4:07 | Moon Well |
| 4:13 | Archer |
| 4:40 | Archer |
| 4:47 | Hunter's Hall |
| 4:58 | Archer |
| 6:04 | Archer |
| 6:06 | Huntress |
| 6:07 | Huntress |
| 6:09 | Strength of the Moon |
| 6:11 | Moon Well |
| 6:16 | Ancient of Wonders |
| 6:28 | Wisp |
| 6:28 | Wisp |
| 7:38 | Ultravision |
| 7:51 | Searing Arrows |
| 8:19 | Moon Glaive |
| 8:33 | Nature's Blessing |
| 8:38 | Moon Armor |
| 8:55 | Archer |
| 8:56 | Improved Bows |
| 9:24 | Ancient of War |
| 9:33 | Tree of Eternity |
| 9:57 | Ancient of War |
| 10:25 | Glaive Thrower |
| 10:31 | Improved Strength of the Moon |
| 10:40 | Glaive Thrower |
| 10:59 | Glaive Thrower |
| 11:55 | Glaive Thrower |
| 13:03 | Advanced Strength of the Moon |
| 13:09 | Glaive Thrower |
| 13:35 | Vorpal Blades |
| 14:42 | Glaive Thrower |
| 15:21 | Glaive Thrower |
| 16:13 | Glaive Thrower |
| 16:57 | Glaive Thrower |
| 17:14 | Searing Arrows |
| 17:24 | Glaive Thrower |
| 18:44 | Chimaera Roost |
| 18:44 | Chimaera Roost |
| 19:24 | Well Spring |
| 20:34 | Chimaera |
| 20:35 | Corrosive Breath |
| 21:21 | Chimaera |
| 22:24 | Chimaera |
| 22:59 | Chimaera |
| 23:06 | Glaive Thrower |
| 23:06 | Glaive Thrower |
| 23:09 | Glaive Thrower |
| Right click | 650 |
| Select group | 356 |
| Select | 257 |
| Misc. action | 196 |
| Chat | 83 |
| Build/train/purchase | 61 |
| Assign group | 39 |
| Use ability | 12 |
| Minimap ping | 6 |
| Remove unit | 4 |
64 units @ 5k
/ 0.3k
217 buildings @ 15.1k
/ 7.1k


| Healing Salve | 1 | 100 |
| Orb of Lightning | 1 | 375 |
| Boots of Speed | 2 | 500 |
| Staff of Teleportation | 1 | 150 |
| Staff of Sanctuary | 1 | 250 |
| Orb of Venom | 1 | 325 |
| total: | 7 | 1700g |
| Peon | 13 | 975 | / | 0 |
| Troll Batrider | 7 | 1120 | / | 280 |
| total: | 20 | 2095g | / | 280w |
| Watch Tower | 20 | 2200 | / | 1600 |
| Altar of Storms | 1 | 180 | / | 50 |
| Orc Burrow | 4 | 640 | / | 160 |
| War Mill | 1 | 205 | / | 0 |
| Voodoo Lounge | 2 | 260 | / | 60 |
| Beastiary | 4 | 580 | / | 560 |
| Stronghold | 1 | 315 | / | 190 |
| Fortress | 1 | 325 | / | 190 |
| total: | 32 | 4065g | / | 2430w |
| 1:32 | Peon |
| 1:32 | Peon |
| 1:35 | Altar of Storms |
| 1:49 | Orc Burrow |
| 1:58 | Peon |
| 2:11 | Peon |
| 2:18 | War Mill |
| 2:32 | Peon |
| 2:43 | Peon |
| 2:52 | Peon |
| 3:06 | Peon |
| 3:13 | Peon |
| 3:18 | Orc Burrow |
| 3:36 | Watch Tower |
| 3:43 | Shockwave |
| 3:51 | Watch Tower |
| 3:54 | Peon |
| 3:54 | Peon |
| 4:15 | Peon |
| 4:15 | Peon |
| 4:39 | Voodoo Lounge |
| 5:03 | Watch Tower |
| 5:06 | Watch Tower |
| 5:32 | Watch Tower |
| 5:42 | Stronghold |
| 5:48 | Voodoo Lounge |
| 5:52 | Boots of Speed |
| 6:07 | Watch Tower |
| 6:19 | Watch Tower |
| 6:57 | Watch Tower |
| 7:09 | Orc Burrow |
| 7:12 | Orc Burrow |
| 7:17 | Watch Tower |
| 7:20 | Healing Salve |
| 7:25 | Watch Tower |
| 7:28 | Watch Tower |
| 8:04 | Watch Tower |
| 8:26 | Watch Tower |
| 8:38 | Watch Tower |
| 8:43 | Watch Tower |
| 9:07 | Hex |
| 9:11 | Watch Tower |
| 9:20 | Staff of Teleportation |
| 9:28 | Boots of Speed |
| 9:40 | Watch Tower |
| 10:15 | Fortress |
| 10:27 | Watch Tower |
| 10:31 | Reinforced Defenses |
| 10:32 | Spiked Barricades |
| 10:58 | Watch Tower |
| 11:41 | Watch Tower |
| 12:39 | Staff of Sanctuary |
| 12:44 | Orb of Lightning |
| 13:12 | Beastiary |
| 13:13 | Beastiary |
| 13:25 | Beastiary |
| 13:28 | Beastiary |
| 13:30 | Steel Ranged Weapons |
| 13:30 | Improved Spiked Barricades |
| 13:30 | Steel Armor |
| 14:00 | Endurance Aura |
| 14:23 | Liquid Fire |
| 14:46 | Troll Batrider |
| 15:38 | Troll Batrider |
| 15:39 | Troll Batrider |
| 16:15 | Thorium Ranged Weapons |
| 16:28 | Healing Wave |
| 17:02 | Troll Batrider |
| 19:18 | Shockwave |
| 20:27 | Orb of Venom |
| 21:37 | Healing Wave |
| 21:56 | Arcanite Ranged Weapons |
| 26:45 | Troll Batrider |
| 26:45 | Troll Batrider |
| 28:22 | Endurance Aura |
| 29:40 | Troll Batrider |
| 30:56 | Hex |
| Right click | 2636 |
| Select group | 535 |
| Select | 487 |
| Chat | 273 |
| Misc. action | 150 |
| Build/train/purchase | 60 |
| Use ability | 56 |
| Assign group | 15 |
| Item give/drop | 5 |
| Minimap ping | 1 |



| Lesser Clarity Potion | 3 | 210 |
| Staff of Sanctuary | 3 | 750 |
| Boots of Speed | 3 | 750 |
| Staff of Teleportation | 3 | 450 |
| Healing Salve | 2 | 200 |
| Orb of Venom | 2 | 650 |
| Staff of Preservation | 1 | 150 |
| Orb of Lightning | 1 | 375 |
| total: | 18 | 3535g |
| Peasant | 14 | 1050 | / | 0 |
| Priest | 1 | 135 | / | 10 |
| total: | 15 | 1185g | / | 10w |
| Scout Tower | 142 | 4260 | / | 2840 |
| Guard Tower | 64 | 4480 | / | 3200 |
| Arcane Tower | 4 | 280 | / | 200 |
| Altar of Kings | 1 | 180 | / | 50 |
| Farm | 7 | 560 | / | 140 |
| Lumber Mill | 1 | 120 | / | 0 |
| Arcane Vault | 3 | 390 | / | 90 |
| Arcane Sanctum | 1 | 150 | / | 140 |
| Keep | 2 | 640 | / | 420 |
| Castle | 2 | 720 | / | 420 |
| total: | 155 | 5660g | / | 3260w |
| 1:31 | Peasant |
| 1:31 | Peasant |
| 1:37 | Altar of Kings |
| 1:47 | Farm |
| 1:56 | Farm |
| 1:59 | Peasant |
| 2:00 | Peasant |
| 2:00 | Peasant |
| 2:10 | Peasant |
| 2:21 | Peasant |
| 2:33 | Lumber Mill |
| 2:51 | Peasant |
| 3:05 | Peasant |
| 3:19 | Peasant |
| 3:20 | Peasant |
| 3:20 | Peasant |
| 3:20 | Peasant |
| 3:20 | Peasant |
| 3:26 | Scout Tower |
| 3:34 | Blizzard |
| 3:37 | Scout Tower |
| 3:49 | Scout Tower |
| 3:55 | Guard Tower |
| 3:56 | Scout Tower |
| 3:58 | Scout Tower |
| 4:04 | Scout Tower |
| 4:08 | Arcane Tower |
| 4:09 | Scout Tower |
| 4:11 | Improved Masonry |
| 4:18 | Scout Tower |
| 4:19 | Scout Tower |
| 4:26 | Guard Tower |
| 4:28 | Guard Tower |
| 4:50 | Guard Tower |
| 4:51 | Scout Tower |
| 4:52 | Scout Tower |
| 4:58 | Guard Tower |
| 5:00 | Scout Tower |
| 5:10 | Guard Tower |
| 5:11 | Scout Tower |
| 5:12 | Scout Tower |
| 5:27 | Guard Tower |
| 5:29 | Scout Tower |
| 5:29 | Scout Tower |
| 5:31 | Scout Tower |
| 5:32 | Scout Tower |
| 5:44 | Boots of Speed |
| 5:44 | Staff of Teleportation |
| 5:54 | Scout Tower |
| 5:57 | Guard Tower |
| 6:25 | Keep |
| 6:52 | Guard Tower |
| 7:01 | Guard Tower |
| 7:08 | Farm |
| 7:18 | Guard Tower |
| 7:22 | Farm |
| 7:31 | Guard Tower |
| 7:39 | Scout Tower |
| 7:41 | Scout Tower |
| 8:05 | Scout Tower |
| 8:05 | Scout Tower |
| 8:08 | Scout Tower |
| 8:09 | Guard Tower |
| 8:10 | Scout Tower |
| 8:12 | Scout Tower |
| 8:13 | Scout Tower |
| 8:13 | Scout Tower |
| 8:14 | Scout Tower |
| 8:14 | Scout Tower |
| 8:16 | Scout Tower |
| 8:28 | Scout Tower |
| 8:28 | Scout Tower |
| 8:29 | Scout Tower |
| 8:30 | Scout Tower |
| 8:32 | Scout Tower |
| 8:32 | Scout Tower |
| 8:33 | Scout Tower |
| 8:34 | Scout Tower |
| 9:27 | Scout Tower |
| 9:28 | Scout Tower |
| 9:30 | Guard Tower |
| 9:39 | Scout Tower |
| 9:41 | Castle |
| 9:54 | Arcane Vault |
| 10:08 | Storm Bolt |
| 10:19 | Guard Tower |
| 10:32 | Guard Tower |
| 10:39 | Scout Tower |
| 10:40 | Scout Tower |
| 10:42 | Scout Tower |
| 10:43 | Scout Tower |
| 10:44 | Guard Tower |
| 10:47 | Scout Tower |
| 11:02 | Arcane Sanctum |
| 11:15 | Scout Tower |
| 11:20 | Scout Tower |
| 11:21 | Scout Tower |
| 11:22 | Scout Tower |
| 11:22 | Scout Tower |
| 11:25 | Arcane Tower |
| 11:26 | Guard Tower |
| 11:26 | Arcane Tower |
| 11:27 | Guard Tower |
| 11:27 | Arcane Tower |
| 11:28 | Guard Tower |
| 11:39 | Guard Tower |
| 11:41 | Scout Tower |
| 11:42 | Scout Tower |
| 11:42 | Scout Tower |
| 11:43 | Scout Tower |
| 11:51 | Arcane Vault |
| 11:53 | Arcane Vault |
| 12:00 | Guard Tower |
| 12:08 | Guard Tower |
| 12:32 | Guard Tower |
| 12:34 | Magic Sentry |
| 12:34 | Priest |
| 13:00 | Healing Salve |
| 13:03 | Lesser Clarity Potion |
| 13:04 | Brilliance Aura |
| 13:13 | Holy Light |
| 13:19 | Advanced Masonry |
| 13:19 | Imbued Masonry |
| 13:21 | Priest Adept Training |
| 13:25 | Scout Tower |
| 13:26 | Scout Tower |
| 13:27 | Scout Tower |
| 13:27 | Scout Tower |
| 13:28 | Scout Tower |
| 13:28 | Scout Tower |
| 13:41 | Guard Tower |
| 13:43 | Guard Tower |
| 13:44 | Guard Tower |
| 13:46 | Scout Tower |
| 13:47 | Scout Tower |
| 13:48 | Scout Tower |
| 13:48 | Scout Tower |
| 14:30 | Lesser Clarity Potion |
| 14:32 | Lesser Clarity Potion |
| 14:43 | Staff of Sanctuary |
| 15:15 | Healing Salve |
| 15:25 | Boots of Speed |
| 16:13 | Staff of Sanctuary |
| 16:16 | Orb of Venom |
| 16:16 | Staff of Preservation |
| 16:39 | Orb of Lightning |
| 16:53 | Scout Tower |
| 16:54 | Scout Tower |
| 16:59 | Bash |
| 17:27 | Guard Tower |
| 17:28 | Scout Tower |
| 17:30 | Scout Tower |
| 17:30 | Scout Tower |
| 17:59 | Guard Tower |
| 18:04 | Scout Tower |
| 18:05 | Scout Tower |
| 18:05 | Scout Tower |
| 18:06 | Scout Tower |
| 18:08 | Scout Tower |
| 18:09 | Scout Tower |
| 18:09 | Scout Tower |
| 18:10 | Scout Tower |
| 18:11 | Scout Tower |
| 18:11 | Scout Tower |
| 18:27 | Guard Tower |
| 18:44 | Guard Tower |
| 18:47 | Guard Tower |
| 19:04 | Scout Tower |
| 19:24 | Guard Tower |
| 19:47 | Guard Tower |
| 20:05 | Guard Tower |
| 20:06 | Scout Tower |
| 20:07 | Scout Tower |
| 20:10 | Guard Tower |
| 20:14 | Scout Tower |
| 20:14 | Scout Tower |
| 20:15 | Scout Tower |
| 20:15 | Scout Tower |
| 20:16 | Scout Tower |
| 20:20 | Staff of Sanctuary |
| 20:28 | Scout Tower |
| 20:28 | Scout Tower |
| 20:29 | Scout Tower |
| 20:29 | Scout Tower |
| 20:30 | Scout Tower |
| 20:30 | Scout Tower |
| 20:31 | Scout Tower |
| 20:36 | Staff of Teleportation |
| 20:36 | Boots of Speed |
| 20:45 | Orb of Venom |
| 20:57 | Guard Tower |
| 21:01 | Guard Tower |
| 21:02 | Scout Tower |
| 21:03 | Scout Tower |
| 21:04 | Scout Tower |
| 21:04 | Scout Tower |
| 21:05 | Scout Tower |
| 21:05 | Scout Tower |
| 21:06 | Scout Tower |
| 21:06 | Scout Tower |
| 21:58 | Guard Tower |
| 22:02 | Farm |
| 22:03 | Farm |
| 22:03 | Farm |
| 22:28 | Guard Tower |
| 22:30 | Scout Tower |
| 22:31 | Scout Tower |
| 22:31 | Scout Tower |
| 22:32 | Scout Tower |
| 22:32 | Scout Tower |
| 22:33 | Scout Tower |
| 22:33 | Scout Tower |
| 22:34 | Scout Tower |
| 22:34 | Scout Tower |
| 22:35 | Scout Tower |
| 22:35 | Scout Tower |
| 22:35 | Scout Tower |
| 22:36 | Scout Tower |
| 22:36 | Scout Tower |
| 22:39 | Guard Tower |
| 22:56 | Scout Tower |
| 22:57 | Scout Tower |
| 22:57 | Scout Tower |
| 22:58 | Scout Tower |
| 23:08 | Scout Tower |
| 23:09 | Scout Tower |
| 23:09 | Scout Tower |
| 23:10 | Scout Tower |
| 23:10 | Scout Tower |
| 23:11 | Scout Tower |
| 23:11 | Scout Tower |
| 23:12 | Scout Tower |
| 23:12 | Scout Tower |
| 23:13 | Scout Tower |
| 23:15 | Scout Tower |
| 23:15 | Scout Tower |
| 23:16 | Scout Tower |
| 23:17 | Scout Tower |
| 23:17 | Scout Tower |
| 23:18 | Scout Tower |
| 23:18 | Scout Tower |
| 23:19 | Scout Tower |
| 23:20 | Scout Tower |
| 23:20 | Scout Tower |
| 23:23 | Guard Tower |
| 24:26 | Guard Tower |
| 25:37 | Divine Shield |
| 25:39 | Blizzard |
| 25:50 | Guard Tower |
| 25:51 | Guard Tower |
| 25:52 | Guard Tower |
| 25:53 | Guard Tower |
| 29:44 | Holy Light |
| 30:55 | Staff of Teleportation |
| Right click | 2393 |
| Select | 820 |
| Select group | 410 |
| Chat | 299 |
| Build/train/purchase | 252 |
| Use ability | 98 |
| Assign group | 13 |
| Minimap ping | 13 |
| Misc. action | 6 |
| Item give/drop | 2 |


| Orb of Venom | 1 | 325 |
| Lesser Clarity Potion | 2 | 140 |
| Staff of Teleportation | 2 | 300 |
| Boots of Speed | 2 | 500 |
| Periapt of Vitality | 1 | 325 |
| Circlet of Nobility | 2 | 350 |
| Healing Salve | 2 | 200 |
| Staff of Sanctuary | 2 | 500 |
| Orb of Lightning | 2 | 750 |
| total: | 16 | 3390g |
| Wisp | 29 | 1740 | / | 0 |
| total: | 29 | 1740g | / | 0w |
| Altar of Elders | 1 | 180 | / | 50 |
| Moon Well | 25 | 4500 | / | 1000 |
| Tree of Life | 1 | 340 | / | 185 |
| Ancient of Wonders | 2 | 180 | / | 60 |
| Hunter's Hall | 1 | 210 | / | 100 |
| Tree of Ages | 1 | 320 | / | 180 |
| Tree of Eternity | 1 | 330 | / | 200 |
| total: | 30 | 5410g | / | 1395w |
| 1:32 | Wisp |
| 1:36 | Altar of Elders |
| 1:40 | Moon Well |
| 1:44 | Wisp |
| 1:45 | Wisp |
| 2:07 | Moon Well |
| 2:16 | Wisp |
| 2:16 | Wisp |
| 2:27 | Wisp |
| 2:35 | Wisp |
| 2:51 | Wisp |
| 2:51 | Wisp |
| 3:05 | Wisp |
| 3:05 | Wisp |
| 3:11 | Wisp |
| 3:24 | Wisp |
| 3:24 | Wisp |
| 3:56 | Entangling Roots |
| 4:01 | Wisp |
| 4:01 | Wisp |
| 4:24 | Moon Well |
| 4:35 | Moon Well |
| 4:54 | Wisp |
| 4:55 | Wisp |
| 5:43 | Wisp |
| 6:00 | Tree of Ages |
| 6:10 | Staff of Teleportation |
| 6:21 | Boots of Speed |
| 6:56 | Tree of Life |
| 7:14 | Moon Well |
| 8:31 | Breath of Fire |
| 8:32 | Tree of Eternity |
| 8:57 | Wisp |
| 8:57 | Wisp |
| 8:57 | Wisp |
| 8:58 | Wisp |
| 8:59 | Wisp |
| 9:07 | Wisp |
| 9:35 | Ancient of Wonders |
| 9:35 | Ancient of Wonders |
| 10:11 | Thorns Aura |
| 10:18 | Hunter's Hall |
| 10:44 | Moon Well |
| 10:47 | Moon Well |
| 11:05 | Orb of Venom |
| 11:13 | Healing Salve |
| 11:13 | Lesser Clarity Potion |
| 11:20 | Lesser Clarity Potion |
| 12:08 | Well Spring |
| 12:10 | Ultravision |
| 12:12 | Wisp |
| 12:12 | Wisp |
| 12:13 | Wisp |
| 12:13 | Wisp |
| 12:30 | Drunken Brawler |
| 13:07 | Staff of Sanctuary |
| 13:34 | Moon Well |
| 14:10 | Moon Well |
| 14:11 | Moon Well |
| 14:14 | Moon Well |
| 14:18 | Moon Well |
| 14:26 | Staff of Teleportation |
| 14:26 | Boots of Speed |
| 14:27 | Periapt of Vitality |
| 14:37 | Circlet of Nobility |
| 14:54 | Orb of Lightning |
| 14:54 | Orb of Lightning |
| 15:49 | Moon Well |
| 15:54 | Moon Well |
| 15:54 | Moon Well |
| 15:55 | Moon Well |
| 16:00 | Moon Well |
| 16:22 | Entangling Roots |
| 16:42 | Moon Well |
| 16:43 | Moon Well |
| 16:44 | Moon Well |
| 17:38 | Staff of Sanctuary |
| 17:44 | Healing Salve |
| 18:55 | Circlet of Nobility |
| 18:58 | Moon Well |
| 20:38 | Breath of Fire |
| 22:12 | Nature's Blessing |
| 24:45 | Thorns Aura |
| 27:08 | Entangling Roots |
| 27:09 | Drunken Brawler |
| 30:02 | Moon Well |
| 30:04 | Moon Well |
| 30:04 | Moon Well |
| 30:06 | Moon Well |
| Right click | 2015 |
| Select group | 965 |
| Resource trade | 295 |
| Select | 221 |
| Use ability | 123 |
| Chat | 89 |
| Build/train/purchase | 82 |
| Misc. action | 73 |
| Minimap ping | 31 |
| Assign group | 4 |
| Item give/drop | 3 |
| Esc | 1 |